 Dungeon Crawl Stone Soup version 0.28.0-53-g5a82cb258f (webtiles) character file.

Game seed: 7323135399432659553

28 PentaManta the Changer (level 3, -5/26 HPs)
             Began as a Merfolk Transmuter on June 5, 2022.
             Slain by Jessica
             ... wielding a +2 dagger of electrocution
              (11 damage)
             ... on level 2 of the Dungeon.
             The game lasted 00:01:39 (1676 turns).

PentaManta the Changer (Merfolk Transmuter)         Turns: 1676, Time: 00:01:40

Health: -5/26      AC:  2    Str: 10    XL:     3   Next: 14%
Magic:  5/6        EV: 12    Int: 14    God:
Gold:   64         SH:  0    Dex: 14    Spells: 2/6 levels left

rFire   . . .      SeeInvis .     - Unarmed
rCold   . . .      Faith    .   (no shield)
rNeg    . . .      Spirit   .   a - +0 robe
rPois   .          Reflect  .   (helmet currently unavailable)
rElec   .          Harm     .   (no cloak)
rCorr   .          Rampage  .   (no gloves)
Will    .....                   (boots currently unavailable)
Stlth   +.........              (no amulet)
HPRegen 0.08/turn               (no ring)
MPRegen 0.10/turn               (no ring)

@: appendages
A: horns 2, (nimble swimmer 2), mertail
a: End Transformation


You were on level 2 of the Dungeon.
You had temporarily grown beastly horns.
You visited 1 branch of the dungeon, and saw 2 of its levels.

You collected 64 gold pieces.

Inventory:

Armour
 a - a +0 robe (worn)
Scrolls
 b - a scroll of teleportation {unknown}
 c - a scroll of fear {unknown}
Potions
 d - a potion of attraction {unknown}
 e - a potion of flight {unknown}
 f - a potion of haste {unknown}
 g - a potion of ambrosia {unknown}


   Skills:
 - Level 1.1 Fighting
 - Level 2.6 Dodging
 - Level 3.2 Unarmed Combat
 * Level 2.4 Spellcasting
 + Level 4.1 Transmutations


You had 2 spell levels left.
You knew the following spells:

 Your Spells              Type           Power      Damage    Failure   Level
a - Beastly Appendage     Tmut           26%        N/A       4%          1
b - Spider Form           Tmut/Pois      7%         N/A       28%         3

Your spell library contained the following spells:

 Spells                   Type           Power      Damage    Failure   Level
 Wereblood                Tmut           13%        N/A       6%          2
 Ice Form                 Ice/Tmut       7%         N/A       67%         4


Dungeon Overview and Level Annotations

Branches:
Dungeon (2/15)

Altars:

Annotations:
D:2 Jessica


Innate Abilities, Weirdness & Mutations

You have temporarily grown beastly horns.
((You are very nimble when in or above water. (Stealth+, EV+, Speed+++)))
Your lower body shifts to a powerful aquatic tail in water.


Message History

You barely miss the hobgoblin. You barely miss the hobgoblin.
The hobgoblin completely misses you.
You barely miss the hobgoblin. The hobgoblin hits you.
You hit the hobgoblin. Your punch misses the hobgoblin.
The hobgoblin is heavily wounded.
The hobgoblin barely misses you.
You hit the hobgoblin.
You kill the hobgoblin!
No target in view!
Found 22 stones.
Found a war axe.
A kobold comes into view. It is wielding a +0 dagger.
You see here 10 gold pieces.
Casting: Beastly Appendage (safe; 4% risk of failure)
Confirm with . or Enter, or press ? or * to list all spells.
You grow a pair of large bovine horns.
The kobold shouts!
The kobold throws a stone.
The stone closely misses you.
Jessica the Apprentice Sorceress comes into view.
She is wielding a +2 dagger of electrocution.
The kobold throws a stone.
The stone barely misses you.
Jessica casts a spell.
Jessica blinks!
The kobold throws a stone.
The stone barely misses you.
Jessica shouts, "You're disturbing me!
I'll have to kill you!"
Jessica hits you with a +2 dagger of electrocution.
You hit Jessica.
Jessica is severely wounded.
Jessica gestures wildly while chanting.
Jessica seems to speed up.
The kobold closely misses you.
You closely miss Jessica.
Jessica is severely wounded.
Jessica hits you with a +2 dagger of electrocution.
You are electrocuted!
The kobold hits you with a +0 dagger.
You are too injured to fight recklessly!
Unknown command.
You closely miss Jessica.
Jessica is severely wounded.
Jessica hits you with a +2 dagger of electrocution.
* * * LOW HITPOINT WARNING * * *
You are electrocuted!
You die...

.... # ..... .###
..... ... ####....
#.##.....# #...)#..#
#@K#..# #.@..####
#.##....######## #.
#$##........###.
......................
##.#############.#####
#. ... #.#.... # #.#
#.#.### #.# #.#....
#.#.####.####.


You could see Jessica (fast) and a kobold.

Vanquished Creatures
  A dart slug (D:1)
  A bat (D:2)
  3 endoplasms (D:1)
  4 goblins
  3 hobgoblins
  3 jackals (D:1)
  A quokka (D:1)
  3 ball pythons
  A kobold (D:2)
  3 rats (D:1)
23 creatures vanquished.

Notes
Turn   | Place    | Note
-------+----------+-------------------------------------------
     0 | D:1      | PentaManta the Merfolk Transmuter began the quest for the
                  | Orb.
     0 | D:1      | Reached XP level 1. HP: 15/15 MP: 3/3
    61 | D:1      | Reached skill level 3 in Transmutations
   366 | D:1      | Reached XP level 2. HP: 8/21 MP: 3/5
   980 | D:1      | Reached skill level 4 in Transmutations
  1277 | D:2      | Reached XP level 3. HP: 25/26 MP: 4/6
  1277 | D:2      | Found a faded altar of an unknown god.
  1298 | D:2      | Learned a level 3 spell: Spider Form
  1671 | D:2      | Noticed Jessica
  1676 | D:2      | Slain by Jessica

Illustrated notes

Levels and vault maps discovered:
D:1:      lemuel_arrival_hallway, layout_loops_ring
D:2:      layout_rooms, nicolae_ecumenical_oubliette,
          minmay_misc_feat_diagonals, roderic_lattice_a, uniq_jessica

Skill      XL: |  1  2 |
---------------+-------+-----
Transmutations | 3 4 |  4.1
Fighting       | |  1.1
Dodging        | |  2.6
Unarmed Combat | |  3.2
Spellcasting   | |  2.4

Action                   || total
-------------------------++-------
Melee: Unarmed           ||    72
       Headbutt          ||     8
       Punch             ||     1
 Cast: Beastly Appendage ||    19
 Stab: Sleeping          ||     1
Armor: Robe              ||    10
Dodge: Dodged            ||    40
